 Dungeon Crawl Stone Soup version 0.30-a0-748-ge6a52f7cba (webtiles) character file.

Game seed: 9400580616255454367

67 sanka the Ruffian (level 4, 0/44 HPs)
             Began as a Troll Monk on Feb 8, 2023.
             Was a Follower of Okawaru.
             Slain by a gnoll
             ... wielding a +0 spear
              (4 damage)
             ... on level 3 of the Dungeon.
             The game lasted 00:02:21 (1258 turns).

sanka the Ruffian (Troll Monk)                      Turns: 1258, Time: 00:02:21

Health: 0/44       AC:  4    Str: 21    XL:     4   Next: 0%
Magic:  0/3        EV: 14    Int:  6    God:    Okawaru [*.....]
Gold:   112        SH:  0    Dex: 18    Spells: 3/3 levels left

rFire   . . .      SeeInvis +      - Unarmed
rCold   . . .      Faith    .    (no shield)
rNeg    . . .      Spirit   .    a - +0 robe
rPois   .          Reflect  .    (helmet restricted)
rElec   .          Harm     .    (no cloak)
rCorr   .          Rampage  .    (gloves unavailable)
Will    .....                    (boots unavailable)
Stlth   +++                      (no amulet)
HPRegen 1.07/turn                j - +6 ring of dexterity
MPRegen 0.08/turn                d - ring of see invisible

@: heroic
A: large, unfitting armour, claws 3, regeneration 1, shaggy fur 1, tough skin 1
a: Renounce Religion, Heroism


You were on level 3 of the Dungeon.
You worshipped Okawaru.
Okawaru was aware of your devotion.
You visited 1 branch of the dungeon, and saw 3 of its levels.

You collected 112 gold pieces.


Innate Abilities, Weirdness & Mutations

You are too large for most types of armour.
You have claws for hands.
Your natural rate of healing is unusually fast.
You are covered in fur. (AC +1)
You have tough skin. (AC +1)


   Skills:
 - Level 2.4(7.4) Fighting
 - Level 2.4(7.4) Dodging
 - Level 1.0(6.0) Stealth
 + Level 4.8(9.8) Unarmed Combat
 + Level 0.3 Invocations


You had 3 spell levels left.
You didn't know any spells.
Your spell library contained the following spells:

 Spells                   Type           Power      Damage    Failure   Level
 Ozocubu's Armour         Ice            0%         N/A       83%         3
 Ozocubu's Refrigeration  Ice            0%         4d7       100%        7

Inventory:

Armour
 a - a +0 robe (worn)
Jewellery
 d - a ring of see invisible (right claw)
 h - a ring of ice
 j - a +6 ring of dexterity (left claw)
Scrolls
 c - 2 scrolls of teleportation {unknown}
 g - 3 scrolls of identify {unknown}
 m - a scroll of immolation {unknown}
 n - 2 scrolls of magic mapping {unknown}
Potions
 b - a potion of ambrosia
 e - 2 potions of lignification {unknown}
 f - a potion of might {unknown}
 i - a potion of mutation {unknown}
 k - a potion of heal wounds {unknown}
 l - 2 potions of berserk rage {unknown}

Dungeon Overview and Level Annotations

Branches:
Dungeon (3/15)

Altars:
Makhleb
Okawaru
Trog
Wu Jian

▒.▒▒▒▒▒▒......▒
▒........▒▒▒▒.▒
▒.▒▒▒▒▒.......▒ ▒▒▒
▒.▒▒▒▒▒........ ▒
..▒ ▒.▒............
.▒ ▒.▒
▒.▒.......▒▒▒▒▒.▒
▒.▒ ▒.▒.£.....▒ ...
▒.▒
▒.▒.......▒▒g▒▒.▒▒▒
▒.▒
▒.▒....£.!.Tgg.....
▒.▒
▒.▒.....▒▒▒▒▒.▒.▒▒.
▒.▒▒▒▒.▒.▒▒▒.. ..
▒.▒....▒. ▒▒▒ ▒..
▒.▒'▒▒▒▒ .. ▒....▒
▒ ▒....▒ ▒....▒
▒.▒+▒▒


You could see 2 gnolls and a goblin.


Message History

The gnoll barely misses you. The gnoll misses you.
You see here a +0 spear.
You barely miss the gnoll. The gnoll hits you with a +0 halberd.
* * * LOW HITPOINT WARNING * * *
The gnoll barely misses you. The gnoll closely misses you.
You claw the gnoll!
The gnoll is almost dead.
The gnoll hits you with a +0 halberd.
* * * LOW HITPOINT WARNING * * *
You closely miss the gnoll.
The gnoll is almost dead.
The gnoll hits you with a +0 spear.
* * * LOW HITPOINT WARNING * * *
The gnoll hits you with a +0 halberd.
* * * LOW HITPOINT WARNING * * *
You completely miss the gnoll.
The gnoll is almost dead.
The gnoll hits you with a +0 halberd.
* * * LOW HITPOINT WARNING * * *
The gnoll hits you with a +0 spear.
* * * LOW HITPOINT WARNING * * *
You scratch the gnoll.
The gnoll is almost dead.
The gnoll hits you with a +0 halberd!
* * * LOW HITPOINT WARNING * * *
The gnoll hits you with a +0 spear.
You die...

Action                     |  1- 3 |  4- 6 || total
---------------------------+-------+-------++-------
  Melee: Unarmed           |   126 |     5 ||   131
 Invoke: Heroism           |     1 |       ||     1
   Stab: Sleeping          |     1 |       ||     1
 Armour: Robe              |    46 |       ||    46
  Dodge: Dodged            |    70 |     4 ||    74

Levels and vault maps discovered:
D:1:      dpeg_arrival_pits, layout_basic, ebering_ecumenical_altar_hall
D:2:      layout_basic, kennysheep_crisscross
D:3:      minmay_evil_eye, layout_basic,
          chequers_temple_overflow_statue_of_worship

Notes
Turn   | Place    | Note
-------+----------+-------------------------------------------
     0 | D:1      | sanka the Troll Monk began the quest for the Orb.
     0 | D:1      | Reached XP level 1. HP: 22/22 MP: 0/0
    67 | D:1      | Reached XP level 2. HP: 22/29 MP: 1/1
   174 | D:1      | Found a faded altar of an unknown god.
   368 | D:1      | Reached skill level 4 in Unarmed Combat
   656 | D:2      | Reached XP level 3. HP: 36/36 MP: 2/2
  1159 | D:3      | Found a bloodstained altar of Trog.
  1182 | D:3      | Found an iron altar of Okawaru.
  1182 | D:3      | Found an ornate altar of the Wu Jian Council.
  1182 | D:3      | Found a burning altar of Makhleb.
  1195 | D:3      | Became a worshipper of Warmaster Okawaru
  1195 | D:3      | Reached * piety under Okawaru
  1195 | D:3      | Reached ** piety under Okawaru
  1253 | D:3      | Reached XP level 4. HP: 21/44 MP: 0/3
  1258 | D:3      | HP: 4/44 [gnoll/+0 halberd (8)]
  1258 | D:3      | Slain by a gnoll

Vanquished Creatures
  A gnoll (D:3)
  A worm (D:3)
  7 bats
  6 endoplasms
  A giant cockroach (D:3)
  5 hobgoblins
  5 quokkas
  7 ball pythons
  6 frilled lizards
  5 goblins
  4 kobolds
  5 rats
53 creatures vanquished.
